Predators vs Sabres

Created - 30 janvier 2021 at 22:57

Goals
1 2 3 T
Predators 3 0 1 4
Sabres 2 1 0 3
Shots
1 2 3 T
Predators 11 6 9 26
Sabres 14 14 13 41

1st period

1. Sabres , Kevin Fiala 13 (Rasmus Dahlin 27, Rasmus Ristolainen 36) at 4:51
2. Sabres , Erik Gustafsson 4 (Ryan Nugent-Hopkins 35, Leon Draisaitl 34) at 5:21
3. Predators , Victor Olofsson 8 (J.T. Miller 21, Steven Stamkos 14) at 10:22
4. Predators , Steven Stamkos 5 (Victor Olofsson 3, J.T. Miller 22) at 15:01
5. Predators , Evgeny Kuznetsov 13 (Roman Josi 26, Kyle Connor 19) at 17:19 (PP)

Penalties :
Shea Theodore (NSH) for Slashing (Minor) at 0:27, Kris Letang (BUF) for Hooking (Minor) at 11:02, Kris Letang (BUF) for Tripping (Minor) at 15:39

2nd period

6. Sabres , Elias Lindholm 26 (Leon Draisaitl 35, Kris Letang 31) at 6:26

Penalties :
Nikolaj Ehlers (BUF) for Fighting (Major) at 18:21, Roman Josi (NSH) for Fighting (Major) at 18:21

3rd period

7. Predators , Steven Stamkos 6 (J.T. Miller 23, Roman Josi 27) at 14:15

Penalties :
Roman Josi (NSH) for Holding (Minor) at 5:03, Nikolaj Ehlers (BUF) for Hooking (Minor) at 9:10, Shea Theodore (NSH) for Slashing (Minor) at 15:13, Erik Gustafsson (BUF) for Holding (Minor) at 17:47

Goalie Stats

Jonathan Bernier (NSH), 38 saves from 41 shots - (0,927), W, 4-4-1, 60:00 minutes
Anders Nilsson (BUF), 22 saves from 26 shots - (0,846), L, 8-4-1, 59:52 minutes

Players Stats for Predators

Player Name              G  A  P  +/- PIM S  H  SB GA TA FO     MP     PP MP  PK MP  
------------------------------------------------------------------------------------
Alex Tuch                0  0  0  -2  0   0  0  0  0  0  0/0    14:04   0:00   0:26 
Alexander Kerfoot        0  0  0  -1  0   0  0  0  0  0  0/0    10:56   0:00   0:37 
Brendan Smith            0  0  0   0  0   1  0  0  0  0  0/0     6:25   0:00   0:17 
Colton Sissons           0  0  0   0  0   1  2  0  0  0  4/14   13:21   3:48   3:54 
Darren Helm              0  0  0   0  0   0  0  0  0  0  0/0     5:39   0:00   0:00 
Evgeny Kuznetsov         1  0  1  -2  0   5  2  0  0  0  12/25  19:33   3:49   1:53 
J.T. Compher             0  0  0  -1  0   3  1  1  0  0  2/11   14:08   3:49   0:00 
J.T. Miller              0  3  3   3  0   1  6  0  0  0  12/19  22:15   3:48   1:37 
Kyle Connor              0  1  1  -2  0   6  0  0  0  0  1/6    20:54   3:49   3:27 
Nikita Zadorov           0  0  0  -1  0   0  5  0  0  0  0/0    15:57   0:00   0:40 
Oliver Ekman-Larsson     0  0  0   1  0   1  3  3  0  0  0/0    22:01   3:49   3:15 
Oscar Klefbom            0  0  0   1  0   0  0  3  0  0  0/0    18:29   3:48   2:42 
Roman Josi               0  2  2   0  7   1  3  5  0  0  0/0    23:46   3:49   2:18 
Shea Theodore            0  0  0   0  4   1  1  1  0  0  0/0    18:06   0:00   0:00 
Steven Stamkos           2  1  3   3  0   4  2  0  0  0  0/1    20:38   3:48   0:00 
Thomas Chabot            0  0  0  -1  0   0  2  2  0  0  0/0    20:51   3:48   2:42 
Tyler Pitlick            0  0  0  -1  0   1  0  0  0  0  0/0    10:19   0:00   0:00 
Victor Olofsson          1  1  2   3  0   1  0  0  0  0  0/1    16:37   0:00   0:00 

Players Stats for Sabres

Player Name              G  A  P  +/- PIM S  H  SB GA TA FO     MP     PP MP  PK MP  
------------------------------------------------------------------------------------
Adam Pelech              0  0  0   1  0   0  1  1  0  0  0/0    13:32   0:00   0:08 
Dmitry Orlov             0  0  0   0  0   1  2  3  0  0  0/0    21:15   0:00   3:56 
Elias Lindholm           1  0  1   0  0   6  2  0  0  0  0/1    20:43   3:11   2:41 
Erik Gustafsson          1  0  1   1  2   2  0  1  0  0  0/0    18:25   2:10   2:52 
Jimmy Vesey              0  0  0   0  0   1  0  0  0  0  0/1     7:39   0:00   0:00 
Jonathan Drouin          0  0  0  -1  0   2  2  0  0  0  0/2    10:13   0:00   0:00 
Kevin Fiala              1  0  1   1  0   5  0  0  0  0  0/0    17:03   2:46   0:00 
Kris Letang              0  1  1   0  4   3  4  0  0  0  0/0    21:55   2:10   2:15 
Lars Eller               0  0  0  -1  0   3  1  0  0  0  10/18  15:09   0:00   4:56 
Leon Draisaitl           0  2  2   0  0   4  1  1  0  0  14/22  19:05   3:11   0:40 
Luke Glendening          0  0  0  -1  0   3  1  0  0  0  1/1    14:51   0:00   4:38 
Michael Grabner          0  0  0   0  0   3  0  0  0  0  0/0     7:16   0:00   0:00 
Nic Dowd                 0  0  0   0  0   0  3  1  0  0  4/8     7:16   0:00   0:00 
Nikolaj Ehlers           0  0  0   1  7   0  0  0  0  0  0/0    15:40   2:46   0:00 
Rasmus Dahlin            0  1  1  -1  0   1  2  0  0  0  0/0    21:52   3:47   2:22 
Rasmus Ristolainen       0  1  1  -1  0   2  2  1  0  0  0/0    22:58   3:47   3:41 
Ryan Nugent-Hopkins      0  1  1   0  0   3  2  0  0  0  0/1    17:51   3:11   0:00 
Tyler Seguin             0  0  0   1  0   2  3  0  0  0  17/23  19:35   2:46   2:19 

3 Stars

1 - Steven Stamkos (NSH)
2 - J.T. Miller (NSH)
3 - Victor Olofsson (NSH)

Power Play

Predators - 1 on 4 Attempt(s) - 25,00%
Sabres - 0 on 3 Attempt(s) - 0,00%

Penalty Kill

Predators - 3 on 3 Attempt(s) - 100,00% - Score 0 goal in Penalty Kill
Sabres - 3 on 4 Attempt(s) - 75,00% - Score 0 goal in Penalty Kill

Team Stat

Predators - Hits : 27 - Faceoff Wins : 31 - Blocked Shots : 15 - Penalty Minutes : 11
Sabres - Hits : 26 - Faceoff Wins : 46 - Blocked Shots : 8 - Penalty Minutes : 13

Official

Referees : Andrew Howard and Ryan Hersey
Linesman : Dennis Urban and Jonny Murray

Game Notes

Nikolaj Ehlers and Roman Josi fight to a draw at 18:21 of 2nd period

Finance

Level 1 -- Attendance: 5861 (90,17%) -- Ticket Income 761 930 $
Level 2 -- Attendance: 5000 (100,00%) -- Ticket Income 400 000 $
Level 3 -- Attendance: 3120 (89,14%) -- Ticket Income 187 200 $
Level 4 -- Attendance: 3070 (100,00%) -- Ticket Income 92 100 $
Luxury Box -- Attendance: 924 (92,40%) -- Ticket Income 212 520 $
Game was played at the Buffalo Pete Center.
Total Attendance: 17975 (94,26%)
Total Ticket Income: 1 653 750 $
Other Income: 810 338 $
Total Income: 2 464 088 $

% Time on Ice - Predators

Lines # - Real PCT - Wanted PCT - Time Play
Normal Forward
1 - 36% - 35% - 16:37
2 - 29% - 35% - 13:38
3 - 22% - 23% - 10:19
4 - 12% - 7% - 5:39
Normal Defense
1 - 38% - 40% - 17:34
2 - 26% - 30% - 11:59
3 - 31% - 20% - 14:21
4 - 5% - 10% - 2:19
PP Forward
1 - 50% - 60% - 3:48
2 - 50% - 40% - 3:49
PP Defense
1 - 50% - 60% - 3:49
2 - 50% - 40% - 3:48
PK Forward
1 - 73% - 60% - 4:20
2 - 27% - 40% - 1:37
PK Defense
1 - 55% - 60% - 3:15
2 - 45% - 40% - 2:42
PK3 Forward
1 - 0% - 60%
2 - 0% - 40%
PK3 Defense
1 - 0% - 60%
2 - 0% - 40%
44 Forward
1 - 0% - 60%
2 - 0% - 40%
44 Defense
1 - 0% - 60%
2 - 0% - 40%
Last Minute Offensive  - 0:00
Last Minute Defensive  - 0:13
Total
Forward - 60:00
Defense - 60:00

% Time on Ice - Sabres

Lines # - Real PCT - Wanted PCT - Time Play
Normal Forward
1 - 31% - 38% - 14:27
2 - 31% - 35% - 14:17
3 - 22% - 22% - 10:13
4 - 16% - 5% - 7:16
Normal Defense
1 - 37% - 38% - 17:19
2 - 34% - 35% - 15:30
3 - 29% - 22% - 13:24
4 - 0% - 5% - 0:00
PP Forward
1 - 54% - 55% - 3:11
2 - 46% - 45% - 2:46
PP Defense
1 - 36% - 55% - 2:10
2 - 64% - 45% - 3:47
PK Forward
1 - 70% - 60% - 5:18
2 - 30% - 40% - 2:19
PK Defense
1 - 52% - 60% - 3:56
2 - 48% - 40% - 3:41
PK3 Forward
1 - 0% - 60%
2 - 0% - 40%
PK3 Defense
1 - 0% - 60%
2 - 0% - 40%
44 Forward
1 - 0% - 60%
2 - 0% - 40%
44 Defense
1 - 0% - 60%
2 - 0% - 40%
Last Minute Offensive  - 0:13
Last Minute Defensive  - 0:00
Total
Forward - 60:00
Defense - 60:00

Play-by-Play

1st period


0:01 of 1st period - Leon Draisaitl wins face-off versus J.T. Miller in neutral zone.
0:04 of 1st period - Shot by Kris Letang.
0:04 of 1st period - Shot Blocked by Shea Theodore.
0:13 of 1st period - Icing by J.T. Miller.
0:14 of 1st period - J.T. Miller wins face-off versus Tyler Seguin in Predators zone.
0:14 of 1st period - J.T. Miller is hit by Tyler Seguin.
0:26 of 1st period - Shot by Rasmus Dahlin.
0:26 of 1st period - Shot Misses the Net.
0:27 of 1st period - Minor Penalty to Shea Theodore for Slashing.
0:28 of 1st period - Leon Draisaitl wins face-off versus Colton Sissons in Predators zone.
0:37 of 1st period - Shot by Elias Lindholm.
0:37 of 1st period - Shot Blocked by Roman Josi.
0:39 of 1st period - Shot by Elias Lindholm.
0:39 of 1st period - Stopped by Jonathan Bernier without a rebound.
0:40 of 1st period - Tyler Seguin wins face-off versus Evgeny Kuznetsov in Predators zone.
0:45 of 1st period - Shot by Rasmus Dahlin.
0:45 of 1st period - Stopped by Jonathan Bernier without a rebound.
0:46 of 1st period - Tyler Seguin wins face-off versus Kyle Connor in Predators zone.
0:55 of 1st period - Shot by Kevin Fiala.
0:55 of 1st period - Shot Blocked by Roman Josi.
0:57 of 1st period - Shot by Rasmus Ristolainen.
0:57 of 1st period - Deflect By Kevin Fiala.
0:57 of 1st period - Stopped by Jonathan Bernier without a rebound.
0:58 of 1st period - Leon Draisaitl wins face-off versus Evgeny Kuznetsov in Predators zone.
1:01 of 1st period - Shot by Leon Draisaitl.
1:01 of 1st period - Shot Blocked by Oscar Klefbom.
1:13 of 1st period - Shot by Kris Letang.
1:13 of 1st period - Shot Blocked by Oliver Ekman-Larsson.
1:15 of 1st period - Shot by Kris Letang.
1:15 of 1st period - Shot Blocked by Oliver Ekman-Larsson.
1:21 of 1st period - Shot by Leon Draisaitl.
1:21 of 1st period - Shot Misses the Net.
1:23 of 1st period - Shot by Kris Letang.
1:23 of 1st period - Shot Blocked by Roman Josi.
1:25 of 1st period - Shot by Kris Letang.
1:25 of 1st period - Deflect By Leon Draisaitl.
1:25 of 1st period - Stopped by Jonathan Bernier without a rebound.
1:26 of 1st period - J.T. Miller wins face-off versus Tyler Seguin in Predators zone.
2:35 of 1st period - Off-side.
2:36 of 1st period - J.T. Miller wins face-off versus Elias Lindholm in neutral zone.
2:56 of 1st period - Icing by Elias Lindholm.
2:57 of 1st period - Evgeny Kuznetsov wins face-off versus Leon Draisaitl in Sabres zone.
3:12 of 1st period - Shot by Evgeny Kuznetsov.
3:12 of 1st period - Shot Blocked by Erik Gustafsson.
3:42 of 1st period - Shot by Jonathan Drouin.
3:42 of 1st period - Shot Misses the Net.
3:44 of 1st period - Shot by Kris Letang.
3:44 of 1st period - Shot Blocked by Thomas Chabot.
4:17 of 1st period - Icing by Thomas Chabot.
4:18 of 1st period - Tyler Seguin wins face-off versus Evgeny Kuznetsov in Predators zone.
4:51 of 1st period - Shot by Kevin Fiala.
4:51 of 1st period - Goal by Kevin Fiala - Predators : 0 - Sabres : 1.
4:52 of 1st period - Leon Draisaitl wins face-off versus J.T. Compher in neutral zone.
5:09 of 1st period - Shot by Ryan Nugent-Hopkins.
5:09 of 1st period - Shot Misses the Net.
5:17 of 1st period - Shot by Leon Draisaitl.
5:17 of 1st period - Shot Misses the Net.
5:19 of 1st period - Shot by Ryan Nugent-Hopkins.
5:19 of 1st period - Stopped by Jonathan Bernier with a rebound.
5:21 of 1st period - Shot by Erik Gustafsson.
5:21 of 1st period - Goal by Erik Gustafsson - Predators : 0 - Sabres : 2.
5:22 of 1st period - Lars Eller wins face-off versus J.T. Miller in neutral zone.
6:29 of 1st period - Icing by Luke Glendening.
6:30 of 1st period - Lars Eller wins face-off versus J.T. Compher in Sabres zone.
8:11 of 1st period - Ryan Nugent-Hopkins is hit by Thomas Chabot and loses puck.
8:48 of 1st period - Shot by Michael Grabner.
8:48 of 1st period - Stopped by Jonathan Bernier without a rebound.
8:49 of 1st period - Evgeny Kuznetsov wins face-off versus Jonathan Drouin in Predators zone.
8:49 of 1st period - Evgeny Kuznetsov is hit by Jonathan Drouin.
8:56 of 1st period - Oliver Ekman-Larsson is hit by Rasmus Dahlin and loses puck.
9:05 of 1st period - Shot by Lars Eller.
9:05 of 1st period - Stopped by Jonathan Bernier with a rebound.
9:07 of 1st period - Shot by Lars Eller.
9:07 of 1st period - Shot Misses the Net.
9:09 of 1st period - Shot by Luke Glendening.
9:09 of 1st period - Stopped by Jonathan Bernier without a rebound.
9:10 of 1st period - Tyler Seguin wins face-off versus J.T. Compher in Predators zone.
9:44 of 1st period - Shot by Erik Gustafsson.
9:44 of 1st period - Stopped by Jonathan Bernier without a rebound.
9:45 of 1st period - Leon Draisaitl wins face-off versus Evgeny Kuznetsov in Predators zone.
9:48 of 1st period - Shot by Leon Draisaitl.
9:48 of 1st period - Deflect By Ryan Nugent-Hopkins.
9:48 of 1st period - Shot Blocked by Oscar Klefbom.
9:50 of 1st period - Shot by Dmitry Orlov.
9:50 of 1st period - Stopped by Jonathan Bernier without a rebound.
9:51 of 1st period - Leon Draisaitl wins face-off versus J.T. Miller in Predators zone.
10:20 of 1st period - Shot by J.T. Miller.
10:20 of 1st period - Shot Misses the Net.
10:22 of 1st period - Shot by Victor Olofsson.
10:22 of 1st period - Goal by Victor Olofsson - Predators : 1 - Sabres : 2.
10:23 of 1st period - Evgeny Kuznetsov wins face-off versus Tyler Seguin in neutral zone.
10:25 of 1st period - Roman Josi is hit by Kris Letang and loses puck.
10:29 of 1st period - Icing by Dmitry Orlov.
10:30 of 1st period - Tyler Seguin wins face-off versus Evgeny Kuznetsov in Sabres zone.
10:52 of 1st period - Shot by Tyler Seguin.
10:52 of 1st period - Shot Misses the Net.
11:02 of 1st period - Shot by Evgeny Kuznetsov.
11:02 of 1st period - Stopped by Anders Nilsson without a rebound.
11:02 of 1st period - Minor Penalty to Kris Letang for Hooking.
11:03 of 1st period - Lars Eller wins face-off versus Colton Sissons in Sabres zone.
11:20 of 1st period - Luke Glendening is hit by J.T. Miller.
11:34 of 1st period - Shot by J.T. Miller.
11:34 of 1st period - Shot Misses the Net.
11:36 of 1st period - Shot by Oscar Klefbom.
11:36 of 1st period - Shot Blocked by Dmitry Orlov.
11:38 of 1st period - Shot by Colton Sissons.
11:38 of 1st period - Stopped by Anders Nilsson without a rebound.
11:39 of 1st period - Lars Eller wins face-off versus J.T. Compher in Sabres zone.
11:49 of 1st period - Icing by Oliver Ekman-Larsson.
11:50 of 1st period - Luke Glendening wins face-off versus J.T. Compher in Predators zone.
12:11 of 1st period - Shot by J.T. Compher.
12:11 of 1st period - Shot Blocked by Dmitry Orlov.
12:13 of 1st period - Shot by J.T. Compher.
12:13 of 1st period - Stopped by Anders Nilsson with a rebound.
12:15 of 1st period - Shot by Oliver Ekman-Larsson.
12:15 of 1st period - Stopped by Anders Nilsson with a rebound.
12:17 of 1st period - Shot by Roman Josi.
12:17 of 1st period - Stopped by Anders Nilsson without a rebound.
12:18 of 1st period - Tyler Seguin wins face-off versus Colton Sissons in Sabres zone.
12:18 of 1st period - Tyler Seguin is hit by Colton Sissons.
12:44 of 1st period - Lars Eller is hit by J.T. Miller and loses puck.
13:17 of 1st period - Shot by Kyle Connor.
13:17 of 1st period - Shot Misses the Net.
13:19 of 1st period - Shot by Roman Josi.
13:19 of 1st period - Shot Hit the Post.
13:21 of 1st period - Shot by Shea Theodore.
13:21 of 1st period - The goal is going for a video replay.
13:21 of 1st period - The goal is refused.
13:22 of 1st period - J.T. Compher wins face-off versus Leon Draisaitl in Sabres zone.
13:31 of 1st period - Roman Josi is hit by Elias Lindholm and loses puck.
14:34 of 1st period - Shot by Tyler Seguin.
14:34 of 1st period - Stopped by Jonathan Bernier without a rebound.
14:35 of 1st period - J.T. Miller wins face-off versus Lars Eller in Predators zone.
14:35 of 1st period - J.T. Miller is hit by Lars Eller.
14:46 of 1st period - Oliver Ekman-Larsson is hit by Dmitry Orlov and loses puck.
14:55 of 1st period - Shot by J.T. Miller.
14:55 of 1st period - Shot Blocked by Dmitry Orlov.
15:01 of 1st period - Shot by Steven Stamkos.
15:01 of 1st period - Goal by Steven Stamkos - Predators : 2 - Sabres : 2.
15:02 of 1st period - Tyler Seguin wins face-off versus Evgeny Kuznetsov in neutral zone.
15:09 of 1st period - Shot by Kevin Fiala.
15:09 of 1st period - Shot Misses the Net.
15:25 of 1st period - Shot by Kyle Connor.
15:25 of 1st period - Stopped by Anders Nilsson without a rebound.
15:26 of 1st period - Nic Dowd wins face-off versus J.T. Miller in Sabres zone.
15:26 of 1st period - Nic Dowd is hit by J.T. Miller.
15:34 of 1st period - Shot by Kris Letang.
15:34 of 1st period - Stopped by Jonathan Bernier with a rebound.
15:39 of 1st period - Minor Penalty to Kris Letang for Tripping.
15:40 of 1st period - Evgeny Kuznetsov wins face-off versus Lars Eller in Sabres zone.
16:53 of 1st period - Shot by Steven Stamkos.
16:53 of 1st period - Shot Misses the Net.
17:03 of 1st period - Shot by Steven Stamkos.
17:03 of 1st period - Stopped by Anders Nilsson without a rebound.
17:04 of 1st period - Tyler Seguin wins face-off versus Evgeny Kuznetsov in Sabres zone.
17:19 of 1st period - Shot by Evgeny Kuznetsov.
17:19 of 1st period - Goal by Evgeny Kuznetsov - Predators : 3 - Sabres : 2.
17:20 of 1st period - Colton Sissons wins face-off versus Nic Dowd in neutral zone.
17:20 of 1st period - Darren Helm is hit by Nic Dowd and loses puck.
18:08 of 1st period - Jimmy Vesey is hit by Nikita Zadorov and loses puck.
19:25 of 1st period - Adam Pelech is hit by J.T. Miller and loses puck.
19:49 of 1st period - Shot by Leon Draisaitl.
19:49 of 1st period - Shot Blocked by Oliver Ekman-Larsson.
19:51 of 1st period - Shot by Leon Draisaitl.
19:51 of 1st period - Shot Misses the Net.
19:53 of 1st period - Shot by Ryan Nugent-Hopkins.
19:53 of 1st period - Shot Misses the Net.
19:55 of 1st period - Shot by Erik Gustafsson.
19:55 of 1st period - Shot Misses the Net.
19:57 of 1st period - Shot by Adam Pelech.
19:57 of 1st period - Shot Blocked by Oscar Klefbom.
Goals for this period are 3 for Predators vs 2 for Sabres.
Shots for this period are 11 for Predators vs 14 for Sabres.

2nd period


0:01 of 2nd period - J.T. Miller wins face-off versus Leon Draisaitl in neutral zone.
0:01 of 2nd period - Shea Theodore is hit by Ryan Nugent-Hopkins and loses puck.
0:40 of 2nd period - Shot by Ryan Nugent-Hopkins.
0:40 of 2nd period - Stopped by Jonathan Bernier with a rebound.
1:06 of 2nd period - Nikolaj Ehlers is hit by Evgeny Kuznetsov and loses puck.
1:11 of 2nd period - Oscar Klefbom is hit by Tyler Seguin and loses puck.
1:26 of 2nd period - Shot by Tyler Seguin.
1:26 of 2nd period - Shot Misses the Net.
1:28 of 2nd period - Shot by Tyler Seguin.
1:28 of 2nd period - Shot Misses the Net.
2:05 of 2nd period - Shot by Jonathan Drouin.
2:05 of 2nd period - Stopped by Jonathan Bernier with a rebound.
2:07 of 2nd period - Shot by Luke Glendening.
2:07 of 2nd period - Shot Blocked by Thomas Chabot.
2:09 of 2nd period - Shot by Luke Glendening.
2:09 of 2nd period - Shot Misses the Net.
2:11 of 2nd period - Shot by Lars Eller.
2:11 of 2nd period - Stopped by Jonathan Bernier without a rebound.
2:12 of 2nd period - Leon Draisaitl wins face-off versus Colton Sissons in Predators zone.
3:13 of 2nd period - Shot by Alexander Kerfoot.
3:13 of 2nd period - Shot Blocked by Leon Draisaitl.
3:33 of 2nd period - Icing by Roman Josi.
3:34 of 2nd period - Tyler Seguin wins face-off versus J.T. Compher in Predators zone.
4:24 of 2nd period - Shot by Kyle Connor.
4:24 of 2nd period - Shot Misses the Net.
4:36 of 2nd period - Shot by Evgeny Kuznetsov.
4:36 of 2nd period - Stopped by Anders Nilsson without a rebound.
4:37 of 2nd period - Lars Eller wins face-off versus J.T. Miller in Sabres zone.
4:37 of 2nd period - Lars Eller is hit by J.T. Miller.
4:40 of 2nd period - Erik Gustafsson is hit by J.T. Miller and loses puck.
4:44 of 2nd period - Erik Gustafsson is hit by Nikita Zadorov and loses puck.
4:50 of 2nd period - Lars Eller is hit by Thomas Chabot and loses puck.
4:56 of 2nd period - Luke Glendening is hit by Nikita Zadorov and loses puck.
5:04 of 2nd period - Luke Glendening is hit by Nikita Zadorov and loses puck.
5:08 of 2nd period - Jonathan Drouin is hit by Nikita Zadorov and loses puck.
5:13 of 2nd period - Shot by Lars Eller.
5:13 of 2nd period - Stopped by Jonathan Bernier with a rebound.
5:18 of 2nd period - Icing by J.T. Miller.
5:19 of 2nd period - Nic Dowd wins face-off versus J.T. Miller in Predators zone.
5:40 of 2nd period - Shot by Michael Grabner.
5:40 of 2nd period - Deflect By Jimmy Vesey.
5:40 of 2nd period - Stopped by Jonathan Bernier with a rebound.
6:26 of 2nd period - Shot by Elias Lindholm.
6:26 of 2nd period - Goal by Elias Lindholm - Predators : 3 - Sabres : 3.
6:27 of 2nd period - Tyler Seguin wins face-off versus J.T. Compher in neutral zone.
7:28 of 2nd period - Shot by Ryan Nugent-Hopkins.
7:28 of 2nd period - Stopped by Jonathan Bernier without a rebound.
7:29 of 2nd period - Colton Sissons wins face-off versus Lars Eller in Predators zone.
7:42 of 2nd period - Icing by Kris Letang.
7:43 of 2nd period - Evgeny Kuznetsov wins face-off versus Lars Eller in Sabres zone.
8:06 of 2nd period - Shot by Kyle Connor.
8:06 of 2nd period - Stopped by Anders Nilsson without a rebound.
8:07 of 2nd period - Leon Draisaitl wins face-off versus J.T. Miller in Sabres zone.
8:07 of 2nd period - Leon Draisaitl is hit by Steven Stamkos.
8:13 of 2nd period - J.T. Miller is hit by Elias Lindholm and loses puck.
9:31 of 2nd period - Tyler Seguin is hit by Roman Josi and loses puck.
11:34 of 2nd period - Rasmus Dahlin is hit by Roman Josi and loses puck.
11:41 of 2nd period - Shea Theodore is hit by Nic Dowd.
12:01 of 2nd period - Icing by Michael Grabner.
12:02 of 2nd period - Evgeny Kuznetsov wins face-off versus Nic Dowd in Sabres zone.
12:03 of 2nd period - Shot by Kyle Connor.
12:03 of 2nd period - Stopped by Anders Nilsson with a rebound.
12:19 of 2nd period - Icing by Thomas Chabot.
12:20 of 2nd period - Evgeny Kuznetsov wins face-off versus Leon Draisaitl in Predators zone.
12:20 of 2nd period - Evgeny Kuznetsov is hit by Ryan Nugent-Hopkins.
12:40 of 2nd period - Shot by Elias Lindholm.
12:40 of 2nd period - Stopped by Jonathan Bernier without a rebound.
12:41 of 2nd period - J.T. Miller wins face-off versus Tyler Seguin in Predators zone.
12:41 of 2nd period - Roman Josi is hit by Tyler Seguin and loses puck.
12:58 of 2nd period - Shot by Kevin Fiala.
12:58 of 2nd period - Shot Misses the Net.
13:33 of 2nd period - Ryan Nugent-Hopkins is hit by Roman Josi and loses puck.
14:08 of 2nd period - Shot by Elias Lindholm.
14:08 of 2nd period - Stopped by Jonathan Bernier with a rebound.
14:10 of 2nd period - Shot by Kris Letang.
14:10 of 2nd period - Shot Misses the Net.
14:32 of 2nd period - Shot by Rasmus Ristolainen.
14:32 of 2nd period - Stopped by Jonathan Bernier without a rebound.
14:33 of 2nd period - Tyler Seguin wins face-off versus Evgeny Kuznetsov in Predators zone.
14:33 of 2nd period - Tyler Seguin is hit by Oliver Ekman-Larsson.
14:41 of 2nd period - Shot by Kevin Fiala.
14:41 of 2nd period - Stopped by Jonathan Bernier without a rebound.
14:42 of 2nd period - J.T. Compher wins face-off versus Jonathan Drouin in Predators zone.
14:47 of 2nd period - Lars Eller is hit by J.T. Compher and loses puck.
17:06 of 2nd period - Shot by Brendan Smith.
17:06 of 2nd period - Stopped by Anders Nilsson without a rebound.
17:07 of 2nd period - Nic Dowd wins face-off versus Colton Sissons in Sabres zone.
17:07 of 2nd period - Erik Gustafsson is hit by Colton Sissons and loses puck.
17:23 of 2nd period - Icing by Erik Gustafsson.
17:24 of 2nd period - J.T. Miller wins face-off versus Nic Dowd in Sabres zone.
17:47 of 2nd period - Shot by Michael Grabner.
17:47 of 2nd period - Stopped by Jonathan Bernier without a rebound.
17:48 of 2nd period - Colton Sissons wins face-off versus Leon Draisaitl in Predators zone.
17:50 of 2nd period - Darren Helm is hit by Leon Draisaitl and loses puck.
18:09 of 2nd period - Shot by Kris Letang.
18:09 of 2nd period - Stopped by Jonathan Bernier without a rebound.
18:10 of 2nd period - Tyler Seguin wins face-off versus Evgeny Kuznetsov in Predators zone.
18:21 of 2nd period - Shot by Kyle Connor.
18:21 of 2nd period - Stopped by Anders Nilsson without a rebound.
18:21 of 2nd period - Nikolaj Ehlers and Roman Josi fight to a draw.
18:21 of 2nd period - Penalty to Nikolaj Ehlers for Fighting.
18:21 of 2nd period - Penalty to Roman Josi for Fighting.
18:22 of 2nd period - J.T. Miller wins face-off versus Leon Draisaitl in Sabres zone.
18:26 of 2nd period - Steven Stamkos is hit by Kris Letang and loses puck.
18:52 of 2nd period - Kris Letang is hit by Oliver Ekman-Larsson and loses puck.
19:14 of 2nd period - Off-side.
19:15 of 2nd period - Evgeny Kuznetsov wins face-off versus Tyler Seguin in neutral zone.
19:38 of 2nd period - Shot by Kyle Connor.
19:38 of 2nd period - Stopped by Anders Nilsson without a rebound.
19:39 of 2nd period - Lars Eller wins face-off versus J.T. Compher in Sabres zone.
19:53 of 2nd period - Shot by Jonathan Drouin.
19:53 of 2nd period - Stopped by Jonathan Bernier with a rebound.
Goals for this period are 0 for Predators vs 1 for Sabres.
Shots for this period are 6 for Predators vs 14 for Sabres.

3rd period


0:01 of 3rd period - Leon Draisaitl wins face-off versus Evgeny Kuznetsov in neutral zone.
0:10 of 3rd period - Shot by Leon Draisaitl.
0:10 of 3rd period - Stopped by Jonathan Bernier without a rebound.
0:11 of 3rd period - J.T. Miller wins face-off versus Tyler Seguin in Predators zone.
0:27 of 3rd period - Rasmus Dahlin is hit by Steven Stamkos and loses puck.
0:38 of 3rd period - Shot by Kevin Fiala.
0:38 of 3rd period - Shot Misses the Net.
0:44 of 3rd period - Shot by Kevin Fiala.
0:44 of 3rd period - Stopped by Jonathan Bernier without a rebound.
0:45 of 3rd period - Evgeny Kuznetsov wins face-off versus Lars Eller in Predators zone.
0:47 of 3rd period - Icing by Kyle Connor.
0:48 of 3rd period - Evgeny Kuznetsov wins face-off versus Lars Eller in Predators zone.
0:48 of 3rd period - Evgeny Kuznetsov is hit by Jonathan Drouin.
1:08 of 3rd period - Evgeny Kuznetsov is hit by Kris Letang and loses puck.
1:18 of 3rd period - Evgeny Kuznetsov is hit by Dmitry Orlov and loses puck.
2:02 of 3rd period - Shot by J.T. Miller.
2:02 of 3rd period - Shot Blocked by Rasmus Ristolainen.
3:05 of 3rd period - J.T. Compher is hit by Rasmus Ristolainen and loses puck.
3:08 of 3rd period - Shot by Tyler Pitlick.
3:08 of 3rd period - Stopped by Anders Nilsson without a rebound.
3:09 of 3rd period - Tyler Seguin wins face-off versus Colton Sissons in Sabres zone.
3:26 of 3rd period - Shot by Kevin Fiala.
3:26 of 3rd period - Stopped by Jonathan Bernier without a rebound.
3:27 of 3rd period - Evgeny Kuznetsov wins face-off versus Jimmy Vesey in Predators zone.
3:37 of 3rd period - Oliver Ekman-Larsson is hit by Nic Dowd and loses puck.
3:44 of 3rd period - Shot by Evgeny Kuznetsov.
3:44 of 3rd period - Stopped by Anders Nilsson with a rebound.
3:46 of 3rd period - Shot by Kyle Connor.
3:46 of 3rd period - Shot Blocked by Nic Dowd.
3:57 of 3rd period - Icing by Dmitry Orlov.
3:58 of 3rd period - J.T. Miller wins face-off versus Nic Dowd in Sabres zone.
4:20 of 3rd period - J.T. Miller is hit by Adam Pelech.
4:32 of 3rd period - Shot by Steven Stamkos.
4:32 of 3rd period - Deflect By J.T. Miller.
4:32 of 3rd period - Shot Blocked by Adam Pelech.
4:38 of 3rd period - Shot by Kevin Fiala.
4:38 of 3rd period - Deflect By Tyler Seguin.
4:38 of 3rd period - Stopped by Jonathan Bernier with a rebound.
4:52 of 3rd period - Shot by Nikolaj Ehlers.
4:52 of 3rd period - Shot Misses the Net.
5:03 of 3rd period - Minor Penalty to Roman Josi for Holding.
5:04 of 3rd period - Leon Draisaitl wins face-off versus Kyle Connor in Predators zone.
5:07 of 3rd period - Shot by Leon Draisaitl.
5:07 of 3rd period - Stopped by Jonathan Bernier without a rebound.
5:08 of 3rd period - Leon Draisaitl wins face-off versus Kyle Connor in Predators zone.
7:03 of 3rd period - Shot by Kris Letang.
7:03 of 3rd period - Shot Blocked by Roman Josi.
7:05 of 3rd period - Shot by Luke Glendening.
7:05 of 3rd period - Stopped by Jonathan Bernier without a rebound.
7:06 of 3rd period - Lars Eller wins face-off versus J.T. Compher in Predators zone.
7:30 of 3rd period - Lars Eller is hit by Shea Theodore and loses puck.
8:09 of 3rd period - Shot by Michael Grabner.
8:09 of 3rd period - Shot Misses the Net.
8:11 of 3rd period - Shot by Michael Grabner.
8:11 of 3rd period - Stopped by Jonathan Bernier with a rebound.
8:13 of 3rd period - Shot by Michael Grabner.
8:13 of 3rd period - Shot Misses the Net.
8:15 of 3rd period - Shot by Jimmy Vesey.
8:15 of 3rd period - Shot Misses the Net.
8:31 of 3rd period - Rasmus Ristolainen is hit by Evgeny Kuznetsov and loses puck.
8:40 of 3rd period - Shot by Evgeny Kuznetsov.
8:40 of 3rd period - Stopped by Anders Nilsson without a rebound.
8:41 of 3rd period - J.T. Miller wins face-off versus Leon Draisaitl in Sabres zone.
8:57 of 3rd period - Off-side.
8:58 of 3rd period - Tyler Seguin wins face-off versus Colton Sissons in neutral zone.
9:10 of 3rd period - Minor Penalty to Nikolaj Ehlers for Hooking.
9:11 of 3rd period - Lars Eller wins face-off versus Colton Sissons in Sabres zone.
9:26 of 3rd period - Shot by J.T. Miller.
9:26 of 3rd period - Deflect By Steven Stamkos.
9:26 of 3rd period - Stopped by Anders Nilsson with a rebound.
10:25 of 3rd period - Shot by Leon Draisaitl.
10:25 of 3rd period - Shot Blocked by Roman Josi.
10:27 of 3rd period - Shot by Rasmus Ristolainen.
10:27 of 3rd period - Stopped by Jonathan Bernier without a rebound.
10:28 of 3rd period - Tyler Seguin wins face-off versus Kyle Connor in Predators zone.
10:32 of 3rd period - Elias Lindholm is hit by Oliver Ekman-Larsson.
10:42 of 3rd period - Shot by Roman Josi.
10:42 of 3rd period - Shot Misses the Net.
11:37 of 3rd period - J.T. Miller is hit by Rasmus Dahlin and loses puck.
11:43 of 3rd period - Steven Stamkos is hit by Rasmus Ristolainen and loses puck.
11:46 of 3rd period - Shot by Steven Stamkos.
11:46 of 3rd period - Shot Misses the Net.
11:48 of 3rd period - Shot by J.T. Miller.
11:48 of 3rd period - Stopped by Anders Nilsson without a rebound.
11:49 of 3rd period - Leon Draisaitl wins face-off versus Colton Sissons in Sabres zone.
13:11 of 3rd period - Shot by Tyler Seguin.
13:11 of 3rd period - Shot Blocked by J.T. Compher.
13:39 of 3rd period - Nikita Zadorov is hit by Luke Glendening and loses puck.
13:50 of 3rd period - Shot by Kyle Connor.
13:50 of 3rd period - Stopped by Anders Nilsson without a rebound.
13:51 of 3rd period - Nic Dowd wins face-off versus Steven Stamkos in Sabres zone.
14:03 of 3rd period - Icing by Roman Josi.
14:04 of 3rd period - J.T. Miller wins face-off versus Ryan Nugent-Hopkins in Predators zone.
14:15 of 3rd period - Shot by Steven Stamkos.
14:15 of 3rd period - Goal by Steven Stamkos - Predators : 4 - Sabres : 3.
14:16 of 3rd period - Tyler Seguin wins face-off versus Evgeny Kuznetsov in neutral zone.
14:54 of 3rd period - Shot by Kyle Connor.
14:54 of 3rd period - Shot Misses the Net.
15:13 of 3rd period - Minor Penalty to Shea Theodore for Slashing.
15:14 of 3rd period - Kyle Connor wins face-off versus Leon Draisaitl in Predators zone.
15:39 of 3rd period - Shot by Leon Draisaitl.
15:39 of 3rd period - Stopped by Jonathan Bernier without a rebound.
15:40 of 3rd period - Leon Draisaitl wins face-off versus Evgeny Kuznetsov in Predators zone.
15:43 of 3rd period - Shot by Elias Lindholm.
15:43 of 3rd period - Stopped by Jonathan Bernier without a rebound.
15:44 of 3rd period - Leon Draisaitl wins face-off versus Kyle Connor in Predators zone.
15:45 of 3rd period - Shot by Kris Letang.
15:45 of 3rd period - Stopped by Jonathan Bernier with a rebound.
16:07 of 3rd period - Shot by Kris Letang.
16:07 of 3rd period - Deflect By Elias Lindholm.
16:07 of 3rd period - Stopped by Jonathan Bernier without a rebound.
16:08 of 3rd period - Tyler Seguin wins face-off versus Evgeny Kuznetsov in Predators zone.
16:09 of 3rd period - Shot by Rasmus Dahlin.
16:09 of 3rd period - Shot Misses the Net.
16:21 of 3rd period - Shot by Rasmus Ristolainen.
16:21 of 3rd period - Shot Misses the Net.
17:18 of 3rd period - Shot by Jonathan Drouin.
17:18 of 3rd period - Shot Misses the Net.
17:20 of 3rd period - Shot by Luke Glendening.
17:20 of 3rd period - Stopped by Jonathan Bernier without a rebound.
17:21 of 3rd period - Lars Eller wins face-off versus Victor Olofsson in Predators zone.
17:47 of 3rd period - Minor Penalty to Erik Gustafsson for Holding.
17:48 of 3rd period - Evgeny Kuznetsov wins face-off versus Lars Eller in Sabres zone.
18:02 of 3rd period - Kyle Connor is hit by Kris Letang and loses puck.
18:05 of 3rd period - Shot by Evgeny Kuznetsov.
18:05 of 3rd period - Shot Misses the Net.
18:07 of 3rd period - Shot by J.T. Compher.
18:07 of 3rd period - Stopped by Anders Nilsson without a rebound.
18:08 of 3rd period - Colton Sissons wins face-off versus Lars Eller in Sabres zone.
19:06 of 3rd period - Shot by J.T. Compher.
19:06 of 3rd period - Stopped by Anders Nilsson with a rebound.
19:29 of 3rd period - Off-side.
19:30 of 3rd period - Lars Eller wins face-off versus Colton Sissons in neutral zone.
19:52 of 3rd period - Sabres, Anders Nilsson is pulled from the net.
Goals for this period are 1 for Predators vs 0 for Sabres.
Shots for this period are 9 for Predators vs 13 for Sabres.